 Dungeon Crawl Stone Soup version 0.24.0 (webtiles) character file.

Game seed: 11437542324582189861, levelgen mode: deterministic

1943 Koal the Twirler (level 8, -15/68 HPs)
             Began as a Red Draconian Gladiator on Oct 25, 2019.
             Was a Follower of Ashenzari.
             Demolished by an eight-headed hydra (16 damage)
             ... on level 7 of the Dungeon.
             The game lasted 00:40:29 (6578 turns).

Koal the Twirler (Red Draconian Gladiator)          Turns: 6578, Time: 00:40:30

Health: -15/68     AC:  8    Str: 18    XL:     8   Next: 98%
Magic:  8/8        EV: 15    Int:  8    God:    Ashenzari [*.....]
Gold:   219        SH:  0    Dex: 14    Spells: 7/7 levels left

rFire    + . .     SeeInvis .   a - +0 quarterstaff
rCold    . . .     Gourm    .   (shield currently unavailable)
rNeg     + . .     Faith    .   (armour unavailable)
rPois    .         Spirit   .   h - +1 hat
rElec    .         Reflect  .   (no cloak)
rCorr    .         Harm     .   (no gloves)
MR       +....                  q - +0 pair of boots
Stlth    +.........             (no amulet)
HPRegen  0.21/turn              x - ring of protection from magic (curse)
MPRegen  0.11/turn              w - ring of positive energy

@: short of breath
A: breathe fire, unfitting armour, fire resistance 1, cold-blooded, AC +6
a: Breathe Fire, Curse Item, Scrying, Renounce Religion


You were on level 7 of the Dungeon.
You worshipped Ashenzari.
Ashenzari was aware of your devotion.
You were hungry.

You visited 2 branches of the dungeon, and saw 8 of its levels.

You collected 297 gold pieces.
You spent 78 gold pieces at shops.

Inventory:

Hand Weapons
 a - a +0 quarterstaff (weapon)
Missiles
 c - 4 throwing nets {=f}
 e - 219 stones (quivered)
 z - 19 poisoned darts
 B - 3 datura-tipped darts
Armour
 h - a +1 hat (worn)
 q - a +0 pair of boots (worn)
Jewellery
 w - a ring of positive energy (right hand)
 x - a cursed ring of protection from magic (left hand)
Wands
 C - a wand of random effects (20)
Scrolls
 f - a scroll of identify
 i - a scroll of blinking {unknown}
 j - 4 scrolls of teleportation
 k - a scroll of magic mapping {unknown}
 l - 2 scrolls of fog {unknown}
 n - a scroll of fear {unknown}
 o - a scroll of enchant weapon {unknown}
 p - 2 scrolls of remove curse
 y - 2 scrolls of random uselessness {unknown}
 A - a scroll of enchant armour {unknown}
Potions
 b - a potion of cancellation
 g - 3 potions of agility
 m - a potion of lignification
 r - a potion of magic
 s - a potion of curing
 t - a potion of berserk rage
 u - a potion of might {unknown}
 v - 2 potions of brilliance
 D - a potion of haste
 F - a potion of ambrosia {unknown}
 G - a potion of heal wounds
Comestibles
 d - 13 rations
 E - 2 chunks of flesh


   Skills:
 - Level 5.1 Fighting
 + Level 7.9 Staves
 + Level 5.6 Throwing
 - Level 5.7 Dodging


You had 7 spell levels left.
You didn't know any spells.
Your spell library contained the following spells:

 Spells                   Type           Power        Failure   Level  Hunger
 Confusing Touch          Hex            #.....       41%         1    ##.....
 Confuse                  Hex            #.......     78%         3    ####...
 Gell's Gravitas          Tloc           #.........   78%         3    ####...
 Petrify                  Tmut/Erth      #.......     99%         4    #####..
 Metabolic Englaciation   Hex/Ice        #.........   100%        5    ######.
 Yara's Violent Unravell  Hex/Tmut       #.........   100%        5    ######.


Dungeon Overview and Level Annotations

Branches:
Dungeon (7/15)             Temple (1/1) D:4

Altars:
Ashenzari
Cheibriados
Dithmenos
Elyvilon
Fedhas
Hepliaklqana
Makhleb
Nemelex Xobeh
Qazlal
Sif Muna
Trog
Wu Jian
Xom
Yredelemnul
Zin
The Shining One

Shops:
D:5 =   D:6 !

Annotations:
D:5 exclusion: door
D:6 exclusion: oklob plant


Innate Abilities, Weirdness & Mutations

You can breathe blasts of fire.
Your fiery red scales are hard. (AC +6)
You cannot fit into any form of body armour.
Your flesh is heat resistant. (rF+)
You are cold-blooded and may be slowed by cold attacks.


Message History

The eight-headed hydra barely misses you.
The eight-headed hydra misses you.
The eight-headed hydra bites you but does no damage.
The eight-headed hydra bites you! The eight-headed hydra bites you. x2
You are too injured to fight recklessly!
You barely miss the eight-headed hydra. You tail-slap the eight-headed hydra.
The eight-headed hydra is severely wounded.
You hit the eight-headed hydra.
The eight-headed hydra is severely wounded.
The eight-headed hydra is engulfed in blazing flames.
The eight-headed hydra bites you!
* * * LOW HITPOINT WARNING * * *
The eight-headed hydra bites you.
* * * LOW HITPOINT WARNING * * *
The eight-headed hydra bites you but does no damage.
The eight-headed hydra bites you.
* * * LOW HITPOINT WARNING * * *
The eight-headed hydra closely misses you.
The eight-headed hydra bites you!
You die...

#.#####.........##
##.#<..........^.. ..
#................ ...
#..........###.###
#.##
#..>..<....#.....##...
#..........#.#...#..#
#..............#...#
#...........#.#...#
#...........#...@.#
.....>......###D###
............##...##
.......####.#####c#
...... ...#...#.(#
..... ..#.### #((#
.... .##. #).} ... #.
#D## #..


You could see an eight-headed hydra.

Vanquished Creatures
  Sigmund (D:3)
  A hungry ghost (D:7)
  An ice beast (D:5)
  A phantom (D:4)
  2 ogres (D:5)
  2 centaurs
  Blork the orc (D:6)
  A bullfrog (D:5)
  3 electric eels (D:5)
  A howler monkey (D:5)
  A crimson imp (D:5)
  3 hounds
  An orc priest (D:6)
  A centaur skeleton (D:6)
  A gnoll shaman (D:6)
  A jelly (D:6)
  8 orc wizards
  2 iguanas
  3 worker ants
  A hound zombie (D:7)
  A mummy (D:5)
  A hound skeleton (D:4)
  A worker ant zombie (D:6)
  3 gnolls (D:6)
  9 adders
  A shadow imp (D:6)
  2 worms
  4 dart slugs
  7 leopard geckos
  15 orcs
  8 giant cockroaches
  9 goblins
  6 hobgoblins
  2 jackals (D:1)
  9 kobolds
  2 quokkas
  5 ball pythons
  8 bats
  2 frilled lizards (D:3)
  A jackal zombie (D:5)
  A leopard gecko skeleton (D:6)
  A quokka zombie (D:5)
  8 rats
  A plant (D:5)
143 creatures vanquished.

Vanquished Creatures (others)
  6 toadstools (D:6)
6 creatures vanquished.

Grand Total: 149 creatures vanquished

Notes
Turn   | Place    | Note
-------+----------+-------------------------------------------
     0 | D:1      | Koal the Draconian Gladiator began the quest for the Orb.
     0 | D:1      | Reached XP level 1. HP: 17/17 MP: 1/1
   335 | D:1      | Reached XP level 2. HP: 26/26 MP: 2/2
   653 | D:1      | Reached XP level 3. HP: 30/33 MP: 3/3
   895 | D:2      | Found a faded altar of an unknown god.
  1180 | D:2      | Found a basalt altar of Yredelemnul.
  1259 | D:2      | Reached XP level 4. HP: 37/41 MP: 4/4
  1299 | D:2      | Found a burning altar of Makhleb.
  1304 | D:2      | Reached skill level 5 in Fighting
  1979 | D:3      | Reached XP level 5. HP: 48/48 MP: 5/5
  2115 | D:3      | Found a glowing golden altar of the Shining One.
  2405 | D:3      | Noticed Sigmund
  2430 | D:3      | Killed Sigmund
  2430 | D:3      | Reached skill level 4 in Staves
  2430 | D:3      | Reached XP level 6. HP: 12/56 MP: 6/6
  3123 | D:4      | Reached skill level 5 in Staves
  3192 | D:4      | Found a staircase to the Ecumenical Temple.
  3205 | Temple   | Entered the Ecumenical Temple
  3335 | Temple   | Became a worshipper of Ashenzari the Shackled
  3516 | D:4      | Found a shimmering blue altar of Sif Muna.
  3942 | D:4      | Your scales start taking on a fiery red colour.
  3942 | D:4      | Reached XP level 7. HP: 54/61 MP: 7/7
  3942 | D:4      | Gained mutation: Your flesh is heat resistant. (rF+) [Red
                  | Draconian growth]
  4022 | D:5      | Entered Level 5 of the Dungeon
  4188 | D:5      | Reached skill level 5 in Dodging
  4221 | D:5      | Reached skill level 6 in Staves
  4515 | D:5      | Found Ytob's Jewellery Emporium.
  4753 | D:5      | Reached * piety under Ashenzari
  4791 | D:5      | Found a snail-covered altar of Cheibriados.
  4854 | D:5      | Reached XP level 8. HP: 47/68 MP: 8/8
  5595 | D:6      | Noticed Blork the orc
  5808 | D:6      | Killed Blork the orc
  5944 | D:6      | Found a blossoming altar of Fedhas.
  5965 | D:6      | Noticed an oklob plant
  6081 | D:6      | Reached skill level 7 in Staves
  6228 | D:6      | Reached skill level 5 in Throwing
  6315 | D:6      | Found Gaobouvu's Distillery.
  6320 | D:6      | Bought a potion of heal wounds for 65 gold pieces
  6320 | D:6      | Bought a potion of degeneration for 13 gold pieces
  6509 | D:7      | Noticed an eight-headed hydra
  6578 | D:7      | HP: 2/68 [eight-headed hydra (6)]
  6578 | D:7      | Demolished by an eight-headed hydra

Levels and vault maps discovered:
D:1:      dpeg_arrival_tiny_f, layout_basic
D:2:      layout_basic, makhleb_blood_cavern_becter,
          chequers_ecumenical_altar_simple_redux, yredelemnul_altar_generic
D:3:      layout_basic, nicolae_overflow_hidden_temple, hangedman_decor_push,
          uniq_sigmund
D:4:      layout_gridville, kennysheep_mini, minmay_temple_entry_mist,
          first_ration
D:5:      cheibrodos_two_vegetables, layout_cave_pods, slow_altar_1,
          serial_shops, nicolae_shop_window_shopping
D:6:      layout_rooms, tgw_fedhas, serial_shops, nicolae_shop_trees,
          uniq_blork_the_orc
D:7:      minmay_the_grid_square_5x5_3x3
          [minmay_the_grid_square_5x5_three_walls,
          minmay_the_grid_square_5x5_shrine2,
          minmay_the_grid_square_5x5_checkered,
          minmay_the_grid_square_5x5_six_small,
          minmay_the_grid_square_5x5_megaprize_diamond,
          minmay_the_grid_square_5x5_bracketed, minmay_the_grid_square_5x5_comb,
          minmay_the_grid_square_5x5_n, minmay_the_grid_square_5x5_shrine1],
          layout_rooms, nicolae_ru_sacrificial_ziggurat,
          eat_drink_and_be_merry_uskayaw, kiku_gazebo_garden_becter,
          serial_glass, glass_columns_c, glass_columns_b, serial_shops,
          kennysheep_little_box
Temple:   jpeg_temple_clearing
